[Event "Titled Tuesday Blitz December 20 Early 2022"]
[White "Abd El Fatah, Reda Fadel"]
[Black "Crone, Stephan"]
[WhiteFideId "10600752"]
[BlackFideId "4670175"]
[WhiteElo "2134"]
[BlackElo "1860"]
[Result "1-0"]
[Round "03"]
[TimeControl "180+2"]
[Date "2022.12.20"]
[WhiteClock "0:00:02"]
[BlackClock "0:00:02"]

1. e4 g6 2. d4 Bg7 3. c4 d6 4. Nc3 Nf6 5. f4 O-O 6. Nf3 Na6 7. Be2 e5 8. fxe5 dxe5 9. Nxe5 c5 10. Bg5 cxd4 11. Nd5 h6 12. Bxf6 Bxf6 13. Nf3 d3 14. Qxd3 Bxb2 15. O-O Bg7 16. Rad1 Nc5 17. Qe3 Qa5 18. Ne7+ Kh7 19. Rd5 b6 20. Ne5 Be6 21. N5c6 Qc3 22. Qxc3 Bxc3 23. Rd6 Nxe4 24. Rdd1 f5 25. Bd3 Nc5 26. Bc2 Bxc4 27. Rf3 Bf6 28. Nd5 Bxd5 29. Rxd5 Rac8 30. Nxa7 Ra8 31. Nb5 Rxa2 32. Bd1 Ra1 33. h3 Ne4 34. Kh2 Re8 35. Bc2 Be5+ 36. g3 Ra2 37. Rd7+ Kg8 38. Rf2 Nxf2 39. Bb3+ Kh8 40. Bxa2 Ne4 41. Rd5 Bxg3+ 42. Kg2 1-0


[Site "https://www.chess.com"]

[Event "Titled Tuesday Blitz December 20 Early 2022"]
[White "Abundo, Casto"]
[Black "Misanik, Peter"]
[WhiteFideId "5200512"]
[BlackFideId "14921421"]
[WhiteElo "2175"]
[BlackElo "1785"]
[Result "1/2-1/2"]
[Round "03"]
[TimeControl "180+2"]
[Date "2022.12.20"]
[WhiteClock "0:00:04"]
[BlackClock "0:00:16"]

1. e4 c5 2. Nf3 d6 3. d4 cxd4 4. Nxd4 Nf6 5. Nc3 a6 6. Rg1 b5 7. a4 b4 8. Nd5 Nxe4 9. Bc4 e6 10. Qe2 Nc5 11. c3 b3 12. Nxb3 Nxb3 13. Bxb3 Nc6 14. Bg5 Qa5 15. Bh4 Ne5 16. Nb4 Rb8 17. O-O-O Rxb4 18. cxb4 Qxb4 19. Qxe5 Qxb3 20. Qd4 e5 21. Qxe5+ Be6 22. Qd4 Be7 23. Rd3 Qa2 24. Ra3 Qd5 25. Qxd5 Bxd5 26. Re1 Be6 27. Bxe7 Kxe7 28. Rc3 Kd7 29. Kc2 Rb8 30. b3 Rb4 31. Rd1 Rf4 32. Rd2 h5 33. g3 Rb4 34. h4 f6 35. Kb2 g5 36. hxg5 fxg5 37. Rcd3 Ke7 38. Rxd6 Rxb3+ 39. Kc2 Ra3 40. Rxa6 Kf7 41. Rdd6 Ra2+ 42. Kb1 Re2 43. Kc1 h4 44. gxh4 gxh4 45. Ra7+ Kg6 46. Re7 Kf6 47. Rh7 Kg5 48. a5 Bf5 49. Rh8 Rc2+ 50. Kd1 Ra2 51. a6 h3 52. Ke1 Ra1+ 53. Ke2 Ra2+ 54. Kf3 Ra3+ 55. Ke2 Bg4+ 56. Kd2 Bf5 57. Rd5 Kg6 58. Rd6+ Kg5 59. Rd5 Kg6 60. Rd6+ Kg5 1/2-1/2


[Site "https://www.chess.com"]

[Event "Titled Tuesday Blitz December 20 Early 2022"]
[White "Agh, Miklos"]
[Black "Mekhitarian, Krikor Sevag"]
[WhiteFideId "703176"]
[BlackFideId "2107660"]
[WhiteElo "2152"]
[BlackElo "2604"]
[Result "1/2-1/2"]
[Round "03"]
[TimeControl "180+2"]
[Date "2022.12.20"]
[WhiteClock "0:00:19"]
[BlackClock "0:00:08"]

1. d4 Nf6 2. c4 g6 3. Nc3 d5 4. cxd5 Nxd5 5. e4 Nxc3 6. bxc3 Bg7 7. Nf3 c5 8. Rb1 O-O 9. Be2 Qc7 10. O-O b6 11. Be3 Bb7 12. Qd3 Ba6 13. Qd2 Bxe2 14. Qxe2 Nd7 15. a4 Qc6 16. Qb5 Qc7 17. Rfc1 Rfc8 18. g3 a6 19. Qe2 Qc6 20. d5 Qxa4 21. Nd2 Nf6 22. c4 Nd7 23. f4 b5 24. cxb5 axb5 25. Qxb5 Qxb5 26. Rxb5 Rc7 27. Nc4 h5 28. e5 Rac8 29. Kg2 Kh7 30. Kf3 Ra8 31. h3 Ra4 32. g4 hxg4+ 33. hxg4 Kg8 34. Ra5 Rxa5 35. Nxa5 g5 36. Nc6 gxf4 37. Kxf4 f6 38. e6 Ne5 39. Nxe5 fxe5+ 40. Ke4 c4 41. g5 c3 42. Kd3 e4+ 43. Kxe4 Rc4+ 44. Kd3 Rg4 45. Rb1 Be5 46. Rb7 Bd6 47. Kxc3 Rg3 48. Kd2 Kg7 49. Rb3 Kg6 50. Rd3 Kf5 51. Kc3 Rg4 52. Bd2 Be5+ 53. Kc2 Bd6 54. Rf3+ Ke4 55. Rf7 Kxd5 56. Rg7 Kxe6 57. Rg8 Be5 58. Kd3 Rg3+ 59. Ke2 Rg2+ 60. Kd1 Bd6 61. Bc3 Be5 62. Bd2 Rg4 63. Ke2 Rg2+ 64. Kd3 Kd5 65. Rd8+ Bd6 66. Rg8 Rg3+ 67. Kc2 Kc4 68. Rc8+ Kd5 69. Rg8 Ke6 70. Kd1 Kf5 71. Ke2 Ke4 72. g6 Kf5 73. g7 Ke6 74. Bc3 Be5 75. Bxe5 Kxe5 76. Re8 Rxg7 77. Ra8 Kf6 78. Ra6+ e6 79. Ra4 Rb7 80. Ra3 e5 81. Rf3+ Ke6 82. Ra3 Kf5 83. Rf3+ Ke4 84. Re3+ Kd4 85. Rd3+ Ke4 86. Re3+ Kd5 87. Rd3+ Ke6 88. Rh3 Rb2+ 89. Ke1 Kd5 90. Ra3 Ke4 91. Rh3 Rc2 92. Ra3 Rg2 93. Rh3 Kd4 94. Ra3 Rc2 95. Rh3 Ra2 96. Rb3 Ra1+ 97. Ke2 Ra2+ 98. Ke1 e4 99. Rh3 Rc2 100. Kd1 Rc4 101. Ke1 Rc5 102. Kd1 Rf5 103. Ke1 Rf4 104. Ra3 Rg4 105. Kd1 Rf4 106. Ke1 Rf5 107. Kd1 Rf3 108. Ra8 Ke3 109. Ke1 Rf5 110. Ra3+ Kf4 111. Kf1 Rd5 112. Ke1 Rd4 113. Rh3 Rc4 114. Ra3 Ke5 115. Ke2 Kd4 116. Ke1 Rc2 117. Ra4+ Kd3 118. Ra3+ Kd4 119. Rh3 Rb2 120. Kd1 Rb4 121. Ke1 Rc4 122. Ra3 Rc5 123. Rh3 Rf5 124. Ke2 Rf4 125. Ra3 Ke5 126. Ra5+ Kd4 127. Ra4+ Ke5 128. Ra5+ Kf6 129. Ke3 Rh4 130. Ra6+ Kf5 131. Ra5+ Ke6 132. Ra6+ Kf5 133. Ra5+ Ke6 134. Ra6+ Ke5 135. Ra5+ Ke6 1/2-1/2


[Site "https://www.chess.com"]

[Event "Titled Tuesday Blitz December 20 Early 2022"]
[White "Al-Kailani, Zaid"]
[Black "szachuspl"]
[WhiteFideId "8100187"]
[WhiteElo "2053"]
[BlackElo "2642"]
[Result "1-0"]
[Round "03"]
[TimeControl "180+2"]
[Date "2022.12.20"]
[WhiteClock "0:00:13"]
[BlackClock "0:00:06"]

1. e4 g6 2. d4 Bg7 3. Nc3 d6 4. Be3 a6 5. Qd2 b5 6. h4 Nf6 7. Bh6 Bxh6 8. Qxh6 Nbd7 9. a3 Bb7 10. f3 e5 11. O-O-O Qe7 12. Nh3 O-O-O 13. Qe3 Kb8 14. Nf2 Nh5 15. Nd3 Nb6 16. dxe5 dxe5 17. Qc5 Qxc5 18. Nxc5 Rxd1+ 19. Kxd1 Rd8+ 20. Bd3 Nd7 21. Nxd7+ Rxd7 22. b4 Rd6 23. Ne2 Nf6 24. Kd2 h6 25. Nc1 Nd7 26. Nb3 Bc8 27. Ke3 Kb7 28. c4 c6 29. Rc1 Rf6 30. g3 Kb8 31. Na5 Bb7 32. c5 Nf8 33. Rd1 Kc7 34. Bb1 Bc8 35. Ba2 Be6 36. Bxe6 Nxe6 37. Rd6 g5 38. hxg5 hxg5 39. Nxc6 Rh6 40. Nxe5 Rh3 41. Nxf7 Nf8 42. Nxg5 Rxg3 43. Kf4 Rg1 44. Rxa6 Ra1 45. Ne6+ Nxe6+ 46. Rxe6 Rxa3 47. Rb6 Rc3 48. Rxb5 1-0


[Site "https://www.chess.com"]

[Event "Titled Tuesday Blitz December 20 Early 2022"]
[White "Albano, Marco"]
[Black "aidenzhouu"]
[WhiteFideId "801178"]
[WhiteElo "2291"]
[BlackElo "2386"]
[Result "1-0"]
[Round "03"]
[TimeControl "180+2"]
[Date "2022.12.20"]
[WhiteClock "0:02:06"]
[BlackClock "0:02:43"]

1. e4 e6 2. d4 d5 3. Nc3 Nf6 4. e5 Nfd7 5. f4 c5 6. Nf3 Nc6 7. Be3 cxd4 8. Nxd4 Bc5 9. Qd2 a6 10. O-O-O O-O 11. g4 Nxd4 12. Bxd4 b5 13. Bg2 b4 14. Ne2 a5 15. f5 Ba6 16. Bxc5 Nxc5 17. Qe3 Rc8 18. f6 gxf6 19. exf6 Bxe2 20. Qg5+ 1-0


[Site "https://www.chess.com"]

[Event "Titled Tuesday Blitz December 20 Early 2022"]
[White "AldokhinIvan"]
[Black "Salomez, Maxime"]
[BlackFideId "652079600"]
[WhiteElo "2572"]
[BlackElo "1359"]
[Result "1-0"]
[Round "03"]
[TimeControl "180+2"]
[Date "2022.12.20"]
[WhiteClock "0:02:27"]
[BlackClock "0:02:02"]

1. e4 c5 2. Nf3 e6 3. d4 cxd4 4. Nxd4 Nf6 5. Nc3 Nc6 6. Ndb5 d6 7. Bf4 e5 8. Bg5 a6 9. Bxf6 gxf6 10. Na3 b5 11. Nd5 Bg7 12. c3 f5 13. exf5 Bxf5 14. Be2 O-O 15. Nc2 Be6 16. a4 Rb8 17. axb5 axb5 18. O-O f5 19. Ra6 Na5 20. Rxd6 Qe8 21. Nc7 1-0


[Site "https://www.chess.com"]

[Event "Titled Tuesday Blitz December 20 Early 2022"]
[White "AlexPapasimakopoulos"]
[Black "Fera, Aryanti"]
[BlackFideId "7118988"]
[WhiteElo "2708"]
[BlackElo "1770"]
[Result "0-1"]
[Round "03"]
[TimeControl "180+2"]
[Date "2022.12.20"]
[WhiteClock "0:01:35"]
[BlackClock "0:01:21"]

1. d4 d5 2. c4 e6 3. Nc3 Bb4 4. cxd5 exd5 5. Qa4+ Nc6 6. Nf3 Ne7 7. Bf4 O-O 8. e3 a6 9. Be2 Bd6 10. Bg3 Bf5 11. O-O Bxg3 12. hxg3 Qd6 13. Rfc1 h6 14. a3 b5 15. Qd1 Na5 16. b3 Rfc8 17. Ra2 Ng6 18. Nd2 Nb7 19. b4 c6 20. Nb3 a5 21. Nc5 Nxc5 22. dxc5 Qf6 23. Raa1 axb4 24. axb4 Rxa1 25. Rxa1 Qxc3 26. Ra7 Qxb4 27. Qc1 Qb1 0-1


[Site "https://www.chess.com"]

[Event "Titled Tuesday Blitz December 20 Early 2022"]
[White "Alex_Sahakyan2006"]
[Black "Schattmann, Alfred"]
[BlackFideId "4662377"]
[WhiteElo "2611"]
[BlackElo "1746"]
[Result "1-0"]
[Round "03"]
[TimeControl "180+2"]
[Date "2022.12.20"]
[WhiteClock "0:01:54"]
[BlackClock "0:00:01"]

1. e4 e5 2. Nf3 Nc6 3. Bb5 Nf6 4. Nc3 Bc5 5. O-O O-O 6. Nxe5 Nxe5 7. d4 Bd6 8. f4 Nxe4 9. Nxe4 Nc6 10. Nxd6 cxd6 11. c3 d5 12. f5 f6 13. Qb3 Ne7 14. Bd3 d6 15. Bf4 Kh8 16. Bg3 Re8 17. Rae1 a6 18. Qa3 Nxf5 19. Rxe8+ Qxe8 20. Bxf5 Bxf5 21. Rxf5 Qe3+ 22. Rf2 Re8 23. Qxd6 Qc1+ 24. Rf1 Qxb2 25. Qd7 Rg8 26. Qxd5 Qxc3 27. Kh1 Qe3 28. Qxb7 Qd3 29. Rg1 h5 30. Qd5 Qd2 31. Qxh5+ 1-0


[Site "https://www.chess.com"]

[Event "Titled Tuesday Blitz December 20 Early 2022"]
[White "Alexander_Donchenko"]
[Black "Schless, Sebastian"]
[BlackFideId "4697987"]
[WhiteElo "2812"]
[BlackElo "2056"]
[Result "0-1"]
[Round "03"]
[TimeControl "180+2"]
[Date "2022.12.20"]
[WhiteClock "0:00:01"]
[BlackClock "0:00:23"]

1. Nf3 Nf6 2. g3 Nc6 3. d4 g6 4. d5 Nb4 5. c4 Bg7 6. Nc3 O-O 7. Bg2 d6 8. O-O a5 9. e4 Na6 10. Re1 Nc5 11. e5 Nfd7 12. e6 fxe6 13. dxe6 Nb6 14. Ng5 Nxc4 15. Qg4 Bxc3 16. bxc3 Ne5 17. Qh4 h5 18. Bf4 Ned3 19. Nf7 Rxf7 20. exf7+ Kxf7 21. Bd5+ Be6 22. Rxe6 Nxe6 23. Rd1 Nc5 24. Bh6 Qh8 25. Bd2 c6 26. Bc4 b5 27. Bf1 Qf6 0-1


[Site "https://www.chess.com"]

[Event "Titled Tuesday Blitz December 20 Early 2022"]
[White "Almaguer, Reynaldo"]
[Black "Alexei_Gubajdullin"]
[WhiteFideId "3503062"]
[WhiteElo "2163"]
[BlackElo "2625"]
[Result "0-1"]
[Round "03"]
[TimeControl "180+2"]
[Date "2022.12.20"]
[WhiteClock "0:00:03"]
[BlackClock "0:00:03"]

1. e4 g6 2. Nf3 Bg7 3. d4 d6 4. h3 Nf6 5. Bd3 O-O 6. O-O Nc6 7. c4 e5 8. d5 Nd4 9. Nxd4 exd4 10. Bg5 h6 11. Bh4 c6 12. Nd2 Qb6 13. Rb1 Re8 14. f4 Nd7 15. b4 a5 16. a3 axb4 17. axb4 Ra3 18. Rb3 Rxb3 19. Qxb3 c5 20. b5 Qa5 21. Nf3 Qc3 22. Qb1 Nb6 23. Be1 Qa3 24. Rf2 Qa7 25. Ra2 Qb8 26. Ba5 Nd7 27. b6 Nf6 28. Be1 Bd7 29. Bg3 Qd8 30. e5 Nh5 31. Bh2 g5 32. fxg5 dxe5 33. gxh6 Bh8 34. Bh7+ Kf8 35. Ra7 Bc8 36. Bf5 e4 37. Bxe4 Qe7 38. Bd3 Qe3+ 39. Kh1 Nf4 40. Bh7 Bxh3 41. Ra2 d3 42. Qd1 Bxg2+ 43. Rxg2 Nxg2 44. Bd6+ Re7 45. Bxe7+ Kxe7 46. Kxg2 Qxh6 47. Bxd3 Qxb6 48. Qe2+ Kf8 49. Qe4 Bf6 50. Ne5 Qb2+ 51. Bc2 Bxe5 52. Kf3 Qc3+ 53. Bd3 Qb2 54. Kg4 Qh2 55. Qf3 Qh6 56. Qf5 Qg7+ 57. Kf3 Qh8 58. Qc8+ Kg7 59. Qg4+ Kf6 60. d6 Bxd6 61. Qe4 Be5 62. Qxb7 Qh3+ 63. Ke2 Qh2+ 64. Kd1 Bf4 65. Qc6+ Kg7 0-1


[Site "https://www.chess.com"]

[Event "Titled Tuesday Blitz December 20 Early 2022"]
[White "AlmasChampion1"]
[Black "JaloliddinIlkhomi"]
[WhiteElo "2747"]
[BlackElo "2533"]
[Result "1/2-1/2"]
[Round "03"]
[TimeControl "180+2"]
[Date "2022.12.20"]
[WhiteClock "0:00:10"]
[BlackClock "0:00:03"]

1. e4 e6 2. d4 d5 3. Nc3 Bb4 4. Ne2 dxe4 5. a3 Be7 6. Nxe4 Nf6 7. Nxf6+ Bxf6 8. Be3 b6 9. Qd2 Bb7 10. O-O-O Nd7 11. Rg1 Qe7 12. g4 h6 13. f4 g5 14. Bg2 O-O-O 15. Bxb7+ Kxb7 16. Nc3 gxf4 17. Bxf4 Bg5 18. Rdf1 Rhg8 19. Qg2+ Kb8 20. Kb1 Bxf4 21. Rxf4 f5 22. Qe2 Nf6 23. h3 Nd5 24. Nxd5 Rxd5 25. Re1 fxg4 26. hxg4 Rdg5 27. Re4 Qg7 28. Rxe6 Qxd4 29. Rxh6 Rxg4 30. Re6 Rg1 31. Qh2 R8g2 32. Qh3 Rxe1+ 33. Rxe1 Rg1 34. Qe6 Rxe1+ 35. Qxe1 Qd8 36. b3 Qd5 37. a4 Qc6 38. Kb2 a5 39. Qe5 Kb7 40. c3 Qg2+ 41. Ka3 Qh1 42. b4 Qa1+ 43. Kb3 Qd1+ 44. Kc4 Qxa4 45. Qe7 Qa2+ 46. Kd4 axb4 47. cxb4 Qd2+ 48. Kc4 Qc2+ 49. Kd4 Qd1+ 50. Kc4 Qf1+ 51. Kb3 Qb5 52. Qe4+ Qc6 53. Qe5 Qf3+ 54. Kb2 Kc6 55. Qe8+ Kb7 56. Qe5 Qf7 57. Qe4+ c6 58. Qd4 Qd5 59. Qe3 Ka6 60. Ka3 Kb7 61. Qe7+ Ka6 62. Qe2+ Qb5 63. Qf3 Qc4 64. Qe3 Kb5 65. Qe5+ Qd5 66. Qe2+ Qc4 67. Qh5+ Ka6 68. Qf3 Qd5 69. Qe2+ b5 70. Qe3 Kb7 71. Qe7+ Kb6 72. Qe3+ Kc7 73. Qa7+ Kd6 74. Qb8+ Ke6 75. Qe8+ Kf5 76. Qe3 Qe4 77. Qc5+ Kf4 78. Qd6+ Ke3 79. Qg3+ Kd4 80. Qd6+ Kc3 81. Qc5+ Qc4 82. Qe3+ Qd3 83. Qc5+ Kd2+ 84. Kb2 Qd5 85. Qc1+ Kd3 86. Qc2+ Kd4 87. Qd2+ Ke4 88. Qe2+ Kd4 89. Qf2+ Ke5 90. Qe3+ Qe4 91. Qc5+ Kf4 92. Qf2+ Qf3 93. Qd2+ Qe3 94. Qh2+ Ke4 95. Qh1+ Qf3 96. Qh7+ Ke3 97. Qe7+ Qe4 98. Qg5+ Kd3 99. Ka3 Qe3 100. Qg2 Kc4+ 101. Ka2 Qb3+ 102. Ka1 Qa3+ 103. Kb1 Qxb4+ 104. Ka1 Qc3+ 105. Kb1 Qd3+ 106. Ka1 b4 107. Qxc6+ Kb3 108. Qe6+ Kc2 109. Qa2+ Kd1 110. Qb1+ Ke2 111. Qxb4 Qd1+ 112. Ka2 Qd2+ 113. Ka3 Qxb4+ 114. Kxb4 1/2-1/2


[Site "https://www.chess.com"]

[Event "Titled Tuesday Blitz December 20 Early 2022"]
[White "Alphafischer2019"]
[Black "Jovanovic, Dobrica"]
[BlackFideId "928674"]
[WhiteElo "2543"]
[BlackElo "2164"]
[Result "1-0"]
[Round "03"]
[TimeControl "180+2"]
[Date "2022.12.20"]
[WhiteClock "0:00:13"]
[BlackClock "0:00:15"]

1. e4 c5 2. Nf3 d6 3. c3 Nf6 4. Be2 Nc6 5. Qc2 Bg4 6. h3 Bh5 7. d3 e6 8. Be3 Be7 9. Nbd2 O-O 10. O-O Rc8 11. Rfe1 Re8 12. Rad1 Qc7 13. Qb1 d5 14. d4 dxe4 15. Nxe4 Bg6 16. Bd3 cxd4 17. Nxd4 Nd5 18. Nxc6 Qxc6 19. Bc1 Red8 20. Ng3 Bxd3 21. Qxd3 Nf6 22. Qe2 Rxd1 23. Rxd1 Rd8 24. Rxd8+ Bxd8 25. Be3 b6 26. Qd2 Qd7 27. Ne2 Qxd2 28. Bxd2 Bc7 29. Nd4 Ne4 30. Be1 Nc5 31. Bd2 Kf8 32. Kf1 Ke8 33. Ke2 Kd7 34. b3 Be5 35. Nf3 Ne4 36. Nxe5+ Kd6 37. Nc4+ Kd7 38. f3 1-0


[Site "https://www.chess.com"]

[Event "Titled Tuesday Blitz December 20 Early 2022"]
[White "Andrii_Prydun"]
[Black "German, Gustavo"]
[BlackFideId "103640"]
[WhiteElo "2387"]
[BlackElo "2515"]
[Result "1-0"]
[Round "03"]
[TimeControl "180+2"]
[Date "2022.12.20"]
[WhiteClock "0:00:05"]
[BlackClock "0:00:01"]

1. e4 c5 2. Nf3 Nf6 3. e5 Nd5 4. Bd3 Nc6 5. Be4 Nc7 6. Bxc6 dxc6 7. h3 g6 8. b3 Bg7 9. Bb2 O-O 10. O-O Ne6 11. Re1 b6 12. d3 Nd4 13. Nbd2 Be6 14. a3 Nxf3+ 15. Nxf3 b5 16. Qc1 c4 17. dxc4 bxc4 18. b4 Bd5 19. Nh2 a5 20. Bc3 axb4 21. axb4 Qb6 22. Ng4 h5 23. Ne3 Be6 24. Ra5 Bh6 25. Qa1 Rad8 26. Rc5 Ra8 27. Qb2 Bxe3 28. Rxe3 Rfd8 29. Bd4 c3 30. Qxc3 Qb7 31. Ra5 Rxa5 32. bxa5 c5 33. Bxc5 Qb1+ 34. Kh2 Rd1 35. Kg3 h4+ 36. Kxh4 Rh1 37. Bxe7 Qb8 38. Qd4 Qa8 39. Qd8+ Qxd8 40. Bxd8 Rc1 41. Ra3 Rxc2 42. a6 Rc8 43. Bb6 Bd5 44. g3 Bc6 45. Rc3 Kg7 46. a7 Kf8 47. Rxc6 1-0


[Site "https://www.chess.com"]

[Event "Titled Tuesday Blitz December 20 Early 2022"]
[White "Aranos Garcia, Ricardo"]
[Black "lemayvega"]
[WhiteFideId "32028040"]
[WhiteElo "1971"]
[BlackElo "2529"]
[Result "0-1"]
[Round "03"]
[TimeControl "180+2"]
[Date "2022.12.20"]
[WhiteClock "0:00:20"]
[BlackClock "0:00:08"]

1. d4 Nf6 2. Bg5 c5 3. d5 Qb6 4. Nc3 g6 5. e4 Bg7 6. Bd2 d6 7. h3 O-O 8. Nf3 e6 9. Rb1 a6 10. Be2 exd5 11. Nxd5 Nxd5 12. exd5 Nd7 13. O-O Nf6 14. c4 Bf5 15. Rc1 Qxb2 16. Bc3 Qxa2 17. Nh4 Ne4 18. Bxg7 Kxg7 19. Nxf5+ gxf5 20. Ra1 Qd2 21. Bf3 Qxd1 22. Rfxd1 b5 23. Bxe4 fxe4 24. Re1 f5 25. f3 Rae8 26. Rxa6 bxc4 27. Rxd6 exf3 28. Rc1 fxg2 29. Kxg2 f4 30. Kf3 Re3+ 31. Kf2 c3 32. Rc6 Rxh3 33. Rxc5 f3 34. R5xc3 Rh2+ 35. Ke3 Re2+ 36. Kd4 f2 37. Rc7+ Kg6 38. R1c6+ Rf6 39. Rxf6+ Kxf6 40. Rc8 Kg7 41. Rc7+ Kf6 42. Rc8 Kf7 43. Rc7+ Ke8 44. d6 f1=Q 45. Rc8+ Kd7 0-1


[Site "https://www.chess.com"]

[Event "Titled Tuesday Blitz December 20 Early 2022"]
[White "Arig, Busra"]
[Black "alexrustemov"]
[WhiteFideId "6309356"]
[WhiteElo "1850"]
[BlackElo "2891"]
[Result "0-1"]
[Round "03"]
[TimeControl "180+2"]
[Date "2022.12.20"]
[WhiteClock "0:00:42"]
[BlackClock "0:00:37"]

1. e4 e6 2. Qe2 c5 3. c3 Nc6 4. g3 g6 5. Bg2 Bg7 6. Nf3 Nge7 7. O-O d6 8. Rd1 e5 9. Na3 O-O 10. Nc2 Bg4 11. Ne3 Be6 12. d4 exd4 13. cxd4 Nxd4 14. Nxd4 cxd4 15. Nc2 Nc6 16. Bf4 Rc8 17. Na3 g5 18. Bd2 Ne5 19. Qb5 Qe7 20. Rac1 g4 21. Bb4 h5 22. b3 h4 23. Nc2 a6 24. Qa4 Bh6 25. Bd2 Bxd2 26. Rxd2 d3 27. Qd4 dxc2 28. Rdxc2 Rxc2 29. Rxc2 h3 30. Bh1 Rc8 31. Rxc8+ Bxc8 32. f4 gxf3 33. Qe3 Bg4 0-1


[Site "https://www.chess.com"]

[Event "Titled Tuesday Blitz December 20 Early 2022"]
[White "Arnaldofdelavaramulet"]
[Black "Viktorin, Tomas"]
[BlackFideId "328316"]
[WhiteElo "2648"]
[BlackElo "1971"]
[Result "1-0"]
[Round "03"]
[TimeControl "180+2"]
[Date "2022.12.20"]
[WhiteClock "0:00:07"]
[BlackClock "0:00:02"]

1. Nf3 Nf6 2. g3 g6 3. b3 Bg7 4. Bb2 O-O 5. Bg2 d6 6. d4 Nc6 7. c4 e5 8. dxe5 Ng4 9. O-O Ngxe5 10. Qd2 Nxf3+ 11. Bxf3 Bh3 12. Re1 Re8 13. Bxg7 Kxg7 14. Nc3 Rb8 15. Rad1 h5 16. Nd5 Ne5 17. Qc3 f6 18. Bg2 Bxg2 19. Kxg2 h4 20. c5 c6 21. Nf4 d5 22. e4 hxg3 23. hxg3 g5 24. Nh5+ Kg6 25. exd5 cxd5 26. Rd4 Qd7 27. Qc2+ f5 28. Qd1 Nc6 29. Rxe8 Qxe8 30. Rxd5 Qe4+ 31. f3 Qe3 32. Rd6+ Kf7 33. Rf6+ Ke8 34. Re6+ Qxe6 35. Ng7+ Kf7 36. Nxe6 Kxe6 37. Qd6+ Kf7 38. Qh6 g4 39. Qh7+ Ke6 40. fxg4 fxg4 41. Qg6+ Kd5 42. Qxg4 Kxc5 43. Qf5+ Kb6 44. g4 Re8 45. g5 Re5 46. Qf6 Re2+ 47. Kf1 Rxa2 48. g6 Ra5 49. g7 Kb5 50. g8=Q Kb4 51. Qc4+ Ka3 52. Qa1# 1-0


[Site "https://www.chess.com"]

[Event "Titled Tuesday Blitz December 20 Early 2022"]
[White "Arora, Tashika"]
[Black "severomorskij"]
[WhiteFideId "459305"]
[WhiteElo "1896"]
[BlackElo "2844"]
[Result "0-1"]
[Round "03"]
[TimeControl "180+2"]
[Date "2022.12.20"]
[WhiteClock "0:00:06"]
[BlackClock "0:00:15"]

1. c4 e5 2. Nc3 Bb4 3. Nd5 a5 4. Nf3 e4 5. Nd4 Nf6 6. Nxb4 axb4 7. d3 c5 8. Nf5 d5 9. dxe4 Nxe4 10. Nxg7+ Kf8 11. Nh5 Qh4 12. Ng3 Nxg3 13. fxg3 Qxc4 14. Bh6+ Ke7 15. Rc1 Qxa2 16. Rxc5 Be6 17. e4 Nd7 18. Rc7 Qxb2 19. Bb5 Ra1 20. Bc1 Qe5 21. Rc2 b3 22. Re2 Rc8 23. exd5 Rcxc1 0-1


[Site "https://www.chess.com"]

[Event "Titled Tuesday Blitz December 20 Early 2022"]
[White "Artels, Lieven"]
[Black "IngOscarArdila"]
[WhiteFideId "205834"]
[WhiteElo "1984"]
[BlackElo "2196"]
[Result "0-1"]
[Round "03"]
[TimeControl "180+2"]
[Date "2022.12.20"]
[WhiteClock "0:00:08"]
[BlackClock "0:01:26"]

1. b4 Nf6 2. Bb2 e6 3. a3 Be7 4. e3 O-O 5. c4 c5 6. Nf3 cxb4 7. axb4 Bxb4 8. Be2 Nc6 9. O-O d5 10. d4 Bd7 11. cxd5 exd5 12. Ne5 Bf5 13. Nxc6 bxc6 14. Nc3 Qe7 15. Qc1 Rfb8 16. Ba3 a5 17. Na4 Ne4 18. Bxb4 axb4 19. Qxc6 Bd7 20. Qc7 Rc8 21. Qb7 Nd6 22. Qb6 Bxa4 0-1


[Site "https://www.chess.com"]

[Event "Titled Tuesday Blitz December 20 Early 2022"]
[White "Artem_0degov"]
[Black "JoliyRoger"]
[WhiteElo "2661"]
[BlackElo "2429"]
[Result "1-0"]
[Round "03"]
[TimeControl "180+2"]
[Date "2022.12.20"]
[WhiteClock "0:00:17"]
[BlackClock "0:00:01"]

1. d4 Nf6 2. c4 e6 3. Nf3 Bb4+ 4. Nbd2 b6 5. a3 Bxd2+ 6. Qxd2 Bb7 7. e3 O-O 8. Bd3 d5 9. O-O Nbd7 10. Qc2 c5 11. b4 dxc4 12. Bxc4 Bxf3 13. gxf3 cxd4 14. Bb2 Rc8 15. Qb3 Ne5 16. Be2 d3 17. Rfd1 Qc7 18. Bxe5 Qxe5 19. Bxd3 Rc3 20. Qb1 Rfc8 21. Bf1 g6 22. Bg2 h5 23. a4 h4 24. a5 Qg5 25. h3 Nd5 26. f4 Qh5 27. Bxd5 exd5 28. Qa2 R8c4 29. axb6 axb6 30. b5 Rc2 31. Qa8+ 1-0


[Site "https://www.chess.com"]

[Event "Titled Tuesday Blitz December 20 Early 2022"]
[White "Aslanov_Umid"]
[Black "Zampronha, Wladimir Camilo"]
[BlackFideId "2103087"]
[WhiteElo "2425"]
[BlackElo "2176"]
[Result "1-0"]
[Round "03"]
[TimeControl "180+2"]
[Date "2022.12.20"]
[WhiteClock "0:01:15"]
[BlackClock "0:00:14"]

1. e4 c5 2. Nf3 e6 3. d4 cxd4 4. Nxd4 Nc6 5. Nc3 Qc7 6. g3 Nf6 7. Bg2 Be7 8. O-O O-O 9. Be3 a6 10. Nxc6 bxc6 11. Na4 Rb8 12. c4 c5 13. e5 Ne8 14. f4 Bb7 15. b3 Bxg2 16. Kxg2 d6 17. exd6 Bxd6 18. Qf3 Nf6 19. Rad1 Rfd8 20. Rd2 Be7 21. Rfd1 Rxd2+ 22. Rxd2 h5 23. h3 Rc8 24. Nc3 Rd8 25. Ne4 Rxd2+ 26. Bxd2 Nxe4 27. Qxe4 Qd7 28. Be3 h4 29. g4 Qd1 30. Bf2 Bf6 31. g5 Bd4 32. g6 Qd2 33. Qa8# 1-0


[Site "https://www.chess.com"]

[Event "Titled Tuesday Blitz December 20 Early 2022"]
[White "AttilaTurzo"]
[Black "Shuvalov, Evgenij"]
[BlackFideId "4187237"]
[WhiteElo "2578"]
[BlackElo "2038"]
[Result "1-0"]
[Round "03"]
[TimeControl "180+2"]
[Date "2022.12.20"]
[WhiteClock "0:00:46"]
[BlackClock "0:00:06"]

1. d4 Nf6 2. Bf4 d5 3. e3 c5 4. c3 e6 5. Nd2 Nc6 6. Ngf3 Bd6 7. Bg3 O-O 8. Bd3 b6 9. Qe2 Bb7 10. Rd1 a5 11. e4 Be7 12. e5 Nh5 13. a3 h6 14. O-O b5 15. Bxb5 Qb6 16. dxc5 Bxc5 17. Nb3 Na7 18. Nxc5 Nxb5 19. Nd7 Qc6 20. Nxf8 Rxf8 21. Rfe1 Qb6 22. Qe3 d4 23. Nxd4 Nxd4 24. Rxd4 Qxb2 25. a4 Rc8 26. Red1 Bd5 27. Rc1 Nxg3 28. hxg3 Qa2 29. c4 Rxc4 30. Rcxc4 Bxc4 31. Rd8+ Kh7 32. Qe4+ g6 33. Qf4 1-0


[Site "https://www.chess.com"]

[Event "Titled Tuesday Blitz December 20 Early 2022"]
[White "AttractiveChess"]
[Black "dropstoneDP"]
[WhiteElo "2784"]
[BlackElo "3038"]
[Result "0-1"]
[Round "03"]
[TimeControl "180+2"]
[Date "2022.12.20"]
[WhiteClock "0:00:17"]
[BlackClock "0:00:13"]

1. Nf3 Nf6 2. c4 g6 3. g3 Bg7 4. Bg2 c6 5. Qc2 d5 6. b3 Bf5 7. d3 O-O 8. Bb2 a5 9. a3 Nbd7 10. O-O Bg4 11. Nbd2 Re8 12. h3 Bxf3 13. Nxf3 e6 14. Bc3 Nh5 15. Bxg7 Nxg7 16. d4 Nf5 17. e3 Nd6 18. Nd2 Qe7 19. Rfc1 Rec8 20. Qd3 Kg7 21. Rab1 Ne8 22. b4 axb4 23. axb4 Nef6 24. b5 Ra3 25. Rc3 Rca8 26. Nb3 Nb6 27. bxc6 bxc6 28. Nd2 Rxc3 29. Qxc3 Ra3 30. Qc2 Na4 31. Rb3 Rxb3 32. Qxb3 Qa7 33. Qb4 dxc4 34. Bxc6 c3 35. Qxa4 Qxa4 36. Bxa4 cxd2 0-1


[Site "https://www.chess.com"]

[Event "Titled Tuesday Blitz December 20 Early 2022"]
[White "AwareIdea"]
[Black "Michelin, Badi"]
[BlackFideId "26032708"]
[WhiteElo "2513"]
[BlackElo "1762"]
[Result "1-0"]
[Round "03"]
[TimeControl "180+2"]
[Date "2022.12.20"]
[WhiteClock "0:00:37"]
[BlackClock "0:00:03"]

1. d4 d5 2. c4 e6 3. g3 Nf6 4. Bg2 Be7 5. Nf3 O-O 6. Nc3 c5 7. cxd5 exd5 8. O-O Nc6 9. b3 Bg4 10. dxc5 Bxc5 11. Bb2 Re8 12. Rc1 Bf8 13. h3 Bh5 14. g4 Bg6 15. e3 h6 16. a3 Rc8 17. Ne2 Ne4 18. Nf4 Nf6 19. Nxg6 fxg6 20. Qd3 Kh7 21. Rfd1 Ne7 22. Rxc8 Qxc8 23. g5 Ne4 24. gxh6 Kxh6 25. Ne5 Qf5 26. Ng4+ Kh7 27. f3 Ng3 28. e4 dxe4 29. fxe4 Qf4 30. Qf3 Qxf3 31. Bxf3 Nc6 32. Rd7 Bc5+ 33. Kg2 Nh5 34. Rxb7 Nd4 35. b4 Nxf3 36. bxc5 Ng5 37. Bxg7 Nxg7 38. Nf6+ Kh6 39. Nxe8 Nxe8 40. Re7 Nf6 41. c6 Ngxe4 42. c7 Nd6 43. Re6 Nfe4 44. Kf3 1-0


[Site "https://www.chess.com"]